 Dungeon Crawl Stone Soup version bcrawl-1.40.3b (webtiles) character file.

Game seed: 3341600817798222364

194013 foxfromabyss the Sneak (level 6, -2/51 HPs)
             Began as a Gnoll Sloth Apostle on Dec 18, 2023.
             Was a Believer of Cheibriados.
             Slain by a worker ant zombie (5 damage)
             ... on level 4 of the Dungeon.
             The game lasted 00:03:27 (2921 turns).

foxfromabyss the Sneak (Gnoll Sloth Apostle)        Turns: 2921, Time: 00:03:27

Health: -2/51      AC:  3    Str: 21    XL:     6   Next: 65%
Magic:  11/11      EV:  9    Int: 25    God:    Cheibriados [**....]
Gold:   229        SH: 11    Dex: 19    Spells: 10/11 levels left

rFire    . . .     GDR:     32% l - +2 dagger (pain)
rCold    . . .     SeeInvis .   c - +0 medium shield
rNeg     . . .     Gourm    .   b - +0 robe
rPois    .         Faith    .   o - +1 hat
rElec    .         Spirit   .   (no cloak)
rCorr    .         Reflect  .   (no gloves)
MR       .....     Clarity  +   (no boots)
Stlth    ++++......             (no amulet)
HPRegen  0.18/turn              (no ring)
MPRegen  0.12/turn              (no ring)

@: brilliant, very slow
A: distributed training, fangs 1, strong nose
a: Bend Time, Defer, Renounce Religion


You were on level 4 of the Dungeon.
You worshipped Cheibriados.
Cheibriados was pleased with you.
You were hungry.

You visited 1 branch of the dungeon, and saw 4 of its levels.

You collected 229 gold pieces.

Inventory:

Hand Weapons
 a - a +0 falchion
 l - a +2 dagger of pain (weapon)
Missiles
 m - 96 poisoned tomahawks (quivered)
Armour
 b - a +0 robe (worn)
 c - a +0 medium shield (worn)
 o - a +1 hat (worn)
 q - a +0 cloak
Jewellery
 n - an uncursed ring of insulation {unknown}
Wands
 d - a wand of paralysis (5)
Scrolls
 f - 4 scrolls of teleportation {unknown}
 g - a scroll of fog {unknown}
 h - 3 scrolls of noise {unknown}
 i - 4 scrolls of identify
 j - 3 scrolls of remove curse {unknown}
 p - a scroll of enchant armour {unknown}
 s - a scroll of revelation {unknown}
Potions
 k - a potion of curing
 r - 2 potions of brilliance
 u - a potion of berserk rage {unknown}
 v - a potion of haste {unknown}
Comestibles
 e - 6 rations {!d}


   Skills:
 + Level 5.0 Fighting
 + Level 2.0 Short Blades
 + Level 5.0 Long Blades
 + Level 2.0 Axes
 + Level 2.0 Maces & Flails
 + Level 2.0 Polearms
 + Level 2.0 Staves
 + Level 2.0 Slings
 + Level 2.0 Bows
 + Level 2.0 Crossbows
 + Level 2.0 Throwing
 + Level 2.0 Armour
 + Level 2.0 Dodging
 + Level 6.8 Stealth
 + Level 5.0 Shields
 + Level 2.0 Unarmed Combat
 + Level 3.4 Spellcasting
 + Level 1.6 Conjurations
 + Level 4.1 Hexes
 + Level 1.6 Charms
 + Level 1.6 Summonings
 + Level 1.6 Necromancy
 + Level 1.6 Translocations
 + Level 1.6 Transmutations
 + Level 1.6 Fire Magic
 + Level 1.6 Ice Magic
 + Level 1.6 Air Magic
 + Level 1.6 Earth Magic
 + Level 1.6 Poison Magic
 + Level 2.2 Invocations
 + Level 3.3 Evocations


You had 10 spell levels left.
You knew the following spells:

 Your Spells              Type           Power        Failure   Level  Hunger
a - Slow                  Hex            #####...     2%          1    None
Your spell library was empty.

Dungeon Overview and Level Annotations

Branches:
Dungeon (4/12)
 Temple: D:4-7

Altars:
Gozag
Okawaru


Innate Abilities, Weirdness & Mutations

Your experience applies equally to all skills.
You have very sharp teeth.
Your uncanny sense of smell can sniff out nearby items.


Message History

The worker ant zombie is almost destroyed.
Evoke which item? (* to show all) (? for menu, Esc to quit)
Aiming: Paralyse
Press: ? - help, Shift-Dir - straight line, f - crimson imp
Aim: a crimson imp, wielding a +0 morningstar (chance to defeat MR: 39%)
The crimson imp resists with some effort.
Evoke which item? (* to show all) (? for menu, Esc to quit)
Aiming: Paralyse
Press: ? - help, Shift-Dir - straight line, f/p - crimson imp
Aim: a crimson imp, wielding a +0 morningstar (chance to defeat MR: 39%)
The crimson imp resists with some effort.
The crimson imp barely misses you. The worker ant zombie bites you.
* * * LOW HITPOINT WARNING * * *
Evoke which item? (* to show all) (? for menu, Esc to quit)
Aiming: Paralyse
Press: ? - help, Shift-Dir - straight line, f/p - crimson imp
Aim: a crimson imp, wielding a +0 morningstar (chance to defeat MR: 39%)
The crimson imp resists with some effort.
You block the crimson imp's attack. The worker ant zombie bites you.
You die...

# #.. #.##.. ##.#...
.....P. ∆
.≈..≈P.######### ∆
≈≈≈≈≈≈............#
.≈≈≈≈PZ.....#####.##
...≈≈.5@...........#
.....[#####.#####..#
..#.# #.# #..# # #.#
#.># .#####.#####..#
#.........(..>.#
#######.#####..#
#.## #..# #..# ##>.#


You could see a crimson imp and a worker ant zombie.

Vanquished Creatures
  A water moccasin zombie (D:4)
  Crazy Yiuf (D:3)
  An iguana (D:3)
  5 worker ants
  A hound skeleton (D:4)
  3 adders
  An ooze (D:3)
  2 worms
  3 dart slugs
  A leopard gecko (D:3)
  6 orcs
  A ball python (D:2)
  2 giant cockroaches
  8 hobgoblins
  3 quokkas
  5 bats
  6 frilled lizards
  5 goblins
  A jackal skeleton (D:4)
  10 kobolds
  8 rats
74 creatures vanquished.

Notes
Turn   | Place    | Note
-------+----------+-------------------------------------------
     0 | D:1      | foxfromabyss the Gnoll Sloth Apostle began the quest for
                  | the Orb.
     0 | D:1      | Reached XP level 1. HP: 20/20 MP: 4/4
    86 | D:1      | Reached XP level 2. HP: 26/26 MP: 5/5
   563 | D:1      | Reached * piety under Cheibriados
   646 | D:1      | Reached XP level 3. HP: 31/31 MP: 7/7
  1096 | D:2      | Reached skill level 1 in Invocations
  1132 | D:2      | Found an opulent altar of Gozag.
  1522 | D:3      | Reached skill level 1 in Short Blades
  1522 | D:3      | Reached skill level 1 in Axes
  1522 | D:3      | Reached skill level 1 in Maces & Flails
  1522 | D:3      | Reached skill level 1 in Polearms
  1522 | D:3      | Reached skill level 1 in Staves
  1522 | D:3      | Reached skill level 1 in Slings
  1522 | D:3      | Reached skill level 1 in Bows
  1522 | D:3      | Reached skill level 1 in Crossbows
  1522 | D:3      | Reached skill level 1 in Throwing
  1522 | D:3      | Reached skill level 1 in Armour
  1522 | D:3      | Reached skill level 1 in Dodging
  1522 | D:3      | Reached skill level 1 in Unarmed Combat
  1567 | D:3      | Reached ** piety under Cheibriados
  1568 | D:3      | Reached XP level 4. HP: 38/38 MP: 8/8
  1648 | D:3      | Found a runed door.
  1689 | D:3      | Reached skill level 1 in Conjurations
  1689 | D:3      | Reached skill level 1 in Charms
  1689 | D:3      | Reached skill level 1 in Summonings
  1689 | D:3      | Reached skill level 1 in Necromancy
  1689 | D:3      | Reached skill level 1 in Translocations
  1689 | D:3      | Reached skill level 1 in Transmutations
  1689 | D:3      | Reached skill level 1 in Fire Magic
  1689 | D:3      | Reached skill level 1 in Ice Magic
  1689 | D:3      | Reached skill level 1 in Air Magic
  1689 | D:3      | Reached skill level 1 in Earth Magic
  1689 | D:3      | Reached skill level 1 in Poison Magic
  1718 | D:3      | Reached XP level 5. HP: 43/43 MP: 9/9
  1950 | D:3      | Found an iron altar of Okawaru.
  2354 | D:3      | Noticed Crazy Yiuf
  2494 | D:3      | Killed Crazy Yiuf
  2495 | D:3      | Reached XP level 6. HP: 14/50 MP: 10/10
  2749 | D:4      | Reached skill level 5 in Fighting
  2749 | D:4      | Reached skill level 5 in Long Blades
  2749 | D:4      | Reached skill level 5 in Shields
  2921 | D:4      | Slain by a worker ant zombie

Skill      XL: |  1  2  3  4  5  6 |
---------------+-------------------+-----
Invocations    | 1 2 |  2.2
Short Blades   | 1 2 |  2.0
Axes           | 1 2 |  2.0
Maces & Flails | 1 2 |  2.0
Polearms       | 1 2 |  2.0
Staves         | 1 2 |  2.0
Slings         | 1 2 |  2.0
Bows           | 1 2 |  2.0
Crossbows      | 1 2 |  2.0
Throwing       | 1 2 |  2.0
Armour         | 1 2 |  2.0
Dodging        | 1 2 |  2.0
Unarmed Combat | 1 2 |  2.0
Spellcasting   | 3 |  3.4
Conjurations   | 1 |  1.6
Charms         | 1 |  1.6
Summonings     | 1 |  1.6
Necromancy     | 1 |  1.6
Translocations | 1 |  1.6
Transmutations | 1 |  1.6
Fire Magic     | 1 |  1.6
Ice Magic      | 1 |  1.6
Air Magic      | 1 |  1.6
Earth Magic    | 1 |  1.6
Poison Magic   | 1 |  1.6
Evocations     | 3 |  3.3
Hexes          | 4 |  4.1
Fighting       | 5 |  5.0
Long Blades    | 5 |  5.0
Shields        | 5 |  5.0
Stealth        | |  6.8

Action                   |  1- 3 |  4- 6 || total
-------------------------+-------+-------++-------
Melee: Falchion          |   130 |       ||   130
       Bite              |    14 |    17 ||    31
       Dagger            |     5 |    96 ||   101
 Cast: Slow              |       |     3 ||     3
Evoke: Wand              |       |     5 ||     5
  Use: Potion            |       |     2 ||     2
 Stab: Sleeping          |    17 |    10 ||    27
       Paralysed         |       |     1 ||     1
  Eat: Chunk             |     5 |     5 ||    10
Armor: Robe              |    20 |     6 ||    26
Dodge: Dodged            |    32 |    19 ||    51
Block: Medium shield     |    71 |    48 ||   119
